 Dungeon Crawl Stone Soup version 0.28-a0-1412-gf95308ed99 (webtiles) character file.

Game seed: 12695256870645779732

60 ipx the Vexing (level 4, 0/26 HPs)
             Began as a Gargoyle Arcane Marksman on Jan 6, 2022.
             Slain by a wyvern zombie (4 damage)
             ... on level 4 of the Dungeon.
             The game lasted 00:14:55 (985 turns).

ipx the Vexing (Gargoyle Arcane Marksman)            Turns: 985, Time: 00:14:56

Health: 0/26       AC: 13    Str: 16    XL:     4   Next: 6%
Magic:  5/5        EV:  6    Int: 13    God:
Gold:   119        SH:  0    Dex: 10    Spells: 4/5 levels left

rFire   + . .      SeeInvis +   a - +10 long sword "Omiy" {drain, rF+ SInv}
rCold   . . .      Faith    .   (no shield)
rNeg    + . .      Spirit   .   n - +0 chain mail
rPois   ∞          Reflect  .   (no helmet)
rElec   +          Harm     .   (no cloak)
rCorr   .          Rampage  .   (no gloves)
Will    .....                   i - +1 pair of boots
Stlth   ..........              J - amulet of magic regeneration
HPRegen 0.08/turn               (no ring)
MPRegen 0.49/turn               (no ring)

@: about to teleport, invisible
A: sickness immunity, AC +3, negative energy resistance 1, electricity
resistance, torment resistance 1, petrification resistance
a: no special abilities


You were on level 4 of the Dungeon.
You visited 1 branch of the dungeon, and saw 4 of its levels.

You collected 119 gold pieces.

Inventory:

Hand Weapons
 a - the +10 long sword "Omiy" (weapon) {drain, rF+ SInv}
   (You found it on level 4 of the Dungeon)

   A truly terrible weapon, it drains the life of any living foe it strikes.
   rF:        It protects you from fire.
   SInv:      It lets you see invisible.
 b - a +0 hand crossbow
Missiles
 c - 27 bolts
 o - 17 poisoned darts (quivered)
Armour
 i - a +1 pair of boots (worn)
 n - a +0 chain mail (worn)
Jewellery
 J - an amulet of magic regeneration (around neck)
Scrolls
 e - a scroll of vulnerability {unknown}
 f - a scroll of magic mapping
 j - a scroll of identify {unknown}
 k - a scroll of enchant armour {unknown}
 p - a scroll of silence {unknown}
Potions
 d - a potion of heal wounds {unknown}
 g - a potion of mutation {unknown}
 h - a potion of resistance {unknown}


   Skills:
 - Level 1.7 Fighting
 + Level 0.1 Long Blades
 - Level 2.1(2.2) Axes
 - Level 0.7(1.5) Polearms
 - Level 2.3 Crossbows
 - Level 1.5 Dodging
 - Level 1.0 Spellcasting
 - Level 2.6 Hexes
 - Level 1.0 Evocations


You had 4 spell levels left.
You knew the following spells:

 Your Spells              Type           Power      Damage    Failure   Level
s - Slow                  Hex            28%        N/A       89%         1

Your spell library contained the following spells:

 Spells                   Type           Power      Damage    Failure   Level
 Corpse Rot               Necr/Air       0%         N/A       100%        2
 Inner Flame              Hex/Fire       4%         N/A       100%        3
 Portal Projectile        Hex/Tloc       8%         N/A       100%        3
 Cause Fear               Hex            3%         N/A       100%        4
 Dispel Undead            Necr           0%         3d6       100%        4
 Death Channel            Necr           0%         N/A       100%        6


Dungeon Overview and Level Annotations

Branches:
Dungeon (4/15)             Temple (0/1) D:4

Altars:
Gozag
Kikubaaqudgha
Wu Jian

Annotations:
D:3 Grinder


Innate Abilities, Weirdness & Mutations

You are immune to sickness and miasma.
Your stone body is resilient. (AC +3)
You are immune to poison.
You resist negative energy. (rN+)
You are resistant to electric shocks. (rElec)
You are resistant to unholy torment.
You are immune to petrification.


Message History

The ball python constricts you.
You closely miss the ball python.
The ball python bites you but does no damage.
The ball python constricts you.
The ball python bites you but does no damage.
The ball python constricts you.
You hit the ball python. You drain the ball python.
You kill the ball python!
You see here a ball python corpse.
You now have 100 gold pieces (gained 14).
A goblin comes into view. It is wielding a +0 club.
Found 14 stones.
Found an opulent altar of Gozag.
The goblin shouts!
You closely miss the goblin. The goblin closely misses you.
The goblin hits you but does no damage.
You slash the goblin!
You kill the goblin!
You now have 119 gold pieces (gained 19).
Found a club.
A wyvern zombie comes into view.
You barely miss the wyvern zombie.
The wyvern zombie bites you but does no damage.
The wyvern zombie bites you!
You barely miss the wyvern zombie. The wyvern zombie bites you.
The wyvern zombie bites you but does no damage.
Press: ? - help, v - describe, . - travel
Here: a wyvern zombie The floor.
Unknown command.
Unknown command.
As you read the scroll of teleportation, it crumbles to dust.
You feel strangely unstable. The wyvern zombie bites you!
Okay, then.
The wyvern zombie bites you.
* * * LOW HITPOINT WARNING * * *
The wyvern zombie bites you.
* * * LOW HITPOINT WARNING * * *
You fade into invisibility!
The wyvern zombie bites you.
You die...

......######...#####** *,*
**#.................,* *,*
#...######...####*,**** *,*
#...# #...# *,,,,* *,* ##...#
##...# ****,* *,*
##...##*###....## ***##,* *,*
* #....###....##..# *,..>,*
*,* ***
..#......#.#*##.###.#****
*,***,, .8...._....8# #.@...#
*,*,,,* ....8...8...# ##.Z###
**,,,*** ...⌠≈≈≈≈≈⌠..#**#..#
****,,,** ..8≈#####≈8..#*...#
*,,,,,** ...≈#$$$#≈...##.#.#
*,***,* ._.≈#$$$#≈._.##.#.#
*,* *,*
...≈#$$$#≈......#.#****,***,*
..8≈#####≈8..####.#*,,,,**,,*
*
#..⌠≈≈≈≈≈⌠...##*,,,,,*****,**
**


You could see a wyvern zombie.

Vanquished Creatures
  Natasha (D:2)
  A dart slug (D:1)
  4 bats (D:2)
  2 endoplasms (D:2)
  4 giant cockroaches
  2 hobgoblins
  3 kobolds
  A quokka (D:2)
  4 ball pythons
  4 frilled lizards
  3 goblins
  5 rats
34 creatures vanquished.

Notes
Turn   | Place    | Note
-------+----------+-------------------------------------------
     0 | D:1      | ipx the Gargoyle Arcane Marksman began the quest for the
                  | Orb.
     0 | D:1      | Reached XP level 1. HP: 12/12 MP: 2/2
   198 | D:1      | Reached XP level 2. HP: 17/17 MP: 3/3
   214 | D:1      | Found a faded altar of an unknown god.
   306 | D:2      | Found an ancient bone altar of Kikubaaqudgha.
   549 | D:2      | Noticed Natasha
   583 | D:2      | Killed Natasha
   584 | D:2      | Reached skill level 1 in Axes
   584 | D:2      | Reached skill level 1 in Evocations
   584 | D:2      | Reached XP level 3. HP: 7/21 MP: 4/4
   777 | D:3      | Found an ornate altar of the Wu Jian Council.
   791 | D:3      | Noticed Grinder
   852 | D:2      | Reached XP level 4. HP: 25/26 MP: 5/5
   916 | D:4      | Identified the +10 long sword "Omiy" {drain, rF+ SInv}
   933 | D:4      | Found an opulent altar of Gozag.
   933 | D:4      | Found an opulent altar of Gozag.
   935 | D:4      | Found an opulent altar of Gozag.
   949 | D:4      | Found an opulent altar of Gozag.
   985 | D:4      | Slain by a wyvern zombie

Illustrated notes

Levels and vault maps discovered:
D:1:      dpeg_arrival_solitude, layout_loops_corners, serial_shops, shop,
          hellmonk_ecumenical_altar_arch_garden, minivault_25
D:2:      layout_loops_ring, basic_altar, amcnicky_mini_rare_corridor_liquid,
          uniq_natasha, uniq_crazy_yiuf_cottage
D:3:      layout_rooms, mainiacjoe_overflow_surrounded_room, uniq_grinder
D:4:      layout_rooms, nicolae_gozag_conspicuous_consumption,
          minmay_temple_entry_proselytizer, nicolae_elemental_shop,
          kennysheep_donut, guppyfry_shop_venom

Skill      XL: |  1  2  3 |
---------------+----------+-----
Axes           | 1 2 |  2.1
Evocations     | 1 |  1.0
Fighting       | |  1.7
Long Blades    | |  0.1
Polearms       | |  0.7
Crossbows      | |  2.3
Dodging        | |  1.5
Spellcasting   | |  1.0
Hexes          | |  2.6

Action                   |  1- 3 |  4- 6 || total
-------------------------+-------+-------++-------
Melee: Short sword       |     3 |       ||     3
       Hand axe          |    50 |     2 ||    52
       Glaive            |    19 |       ||    19
       Long sword        |       |     7 ||     7
 Fire: Hand crossbow     |    22 |       ||    22
Throw: Dart              |     1 |       ||     1
Evoke: Wand              |     4 |       ||     4
  Use: Scroll            |     2 |     3 ||     5
       Potion            |     1 |     1 ||     2
Armor: Robe              |    17 |       ||    17
       Leather armour    |    13 |       ||    13
       Chain mail        |    23 |     8 ||    31
Dodge: Dodged            |    48 |     3 ||    51

Table legend: (Time is in decaauts)
 A = Elapsed time spent in this place.
 B = Non-inter-level travel time spent in this place.
 C = Inter-level travel time spent in this place.
 D = Time resting spent in this place.
 E = Time spent auto-exploring this place.
 F = Levels seen in this place.
 G = Mean time per level.
                   A        B        C        D        E       F      G
               +--------+--------+--------+--------+--------+-----+--------+
         Total |   1022 |   1022 |      0 |      0 |      0 |   4 |  255.5 |
       Dungeon |   1022 |   1022 |      0 |      0 |      0 |   4 |  255.5 |
               +--------+--------+--------+--------+--------+-----+--------+

Top non-repeatable levels by time:
     D:2: 419 daAuts
     D:1: 321 daAuts
     D:3: 207 daAuts
     D:4: 74 daAuts
